 Dungeon Crawl Stone Soup version 0.30-a0-390-g80c34de65d (webtiles) character file.

Game seed: 11005752896064413612

281471 stonewall the Warrior (level 20, -20/139 HPs)
             Began as a Tengu Gladiator on Dec 4, 2022.
             Was the Champion of Kikubaaqudgha.
             Killed from afar by a deep elf annihilator (59 damage)
             ... with a crystal spear
             ... on level 3 of the Elven Halls.
             The game lasted 01:53:12 (47829 turns).

stonewall the Warrior (Tengu Gladiator)            Turns: 47829, Time: 01:53:14

Health: -20/139    AC: 28    Str: 19    XL:     20   Next: 50%
Magic:  30/35      EV: 29    Int: 10    God:    Kikubaaqudgha [******]
Gold:   592        SH: 22    Dex: 22    Spells: 5/39 levels left

rFire   + . .      SeeInvis +    a - +9 scimitar (pain)
rCold   + + .      Faith    .    h - +2 kite shield {rC+}
rNeg    + . .      Spirit   .    J - +18 Cigotuvi's embrace {rMiasma Drain rN+}
rPois   +          Reflect  +    c - +2 hat {Will+}
rElec   +          Harm     .    C - scarf {rC+ rF+}
rCorr   .          Rampage  .    u - +0 pair of gloves
Will    ++...                    (boots unavailable)
Stlth   ++........               U - amulet "Akoumeoc" {Reflect rElec Str+3 SH+5 SInv}
HPRegen 0.43/turn                O - +4 ring of protection
MPRegen 0.24/turn                r - ring of poison resistance

@: about to teleport, flying quickly and evasively, quick
A: beak, talons 3, nimble flight
}: 2/15 runes: decaying, gossamer
a: Renounce Religion, Unearth Wretches, Torment


You were on level 3 of the Elven Halls.
You worshipped Kikubaaqudgha.
Kikubaaqudgha was exalted by your worship.
You visited 7 branches of the dungeon, and saw 34 of its levels.
You visited 1 bazaar.
You also visited: Bailey, Gauntlet, Ice Cave and Desolation.

You collected 4254 gold pieces.
You spent 3662 gold pieces at shops.

Inventory:

Hand Weapons
 a - a +9 scimitar of pain (weapon)
 b - a +3 scimitar of flaming
 S - the +4 sling of Contention {vorpal, Will++ Str-5 Int+4 Stlth+}
   (You took it off an orc on level 12 of the Dungeon)

   Any ammunition fired from it inflicts extra damage upon your enemies.
   Str:       It affects your strength (-5).
   Int:       It affects your intelligence (+4).
   Will:      It greatly increases your willpower.
   Stlth:     It makes you more stealthy.
Missiles
 d - 2 throwing nets
 e - 14 javelins
 k - 9 silver javelins
 x - 21 boomerangs
 y - 42 poisoned darts
 A - 11 curare-tipped darts (quivered)
Armour
 c - a +2 hat of willpower (worn)
 h - a +2 kite shield of cold resistance (worn)
 u - a +0 pair of gloves (worn)
 C - a scarf of resistance (worn)
 J - the +18 Cigotuvi's embrace (worn) {rMiasma Drain rN+}
   (You bought it in a shop on level 2 of the Orcish Mines)

   It gathers nearby corpses to temporarily increase the armour it provides.
   It protects you from foul pestilence.
   rN:        It protects you from negative energy.
   Drain:     It drains your maximum health when unequipped.
 X - a +1 cloak of preservation
Jewellery
 p - a +4 ring of evasion
 r - a ring of poison resistance (right hand)
 t - a ring of fire
 v - a ring of positive energy
 D - a ring of protection from cold
 O - a +4 ring of protection (left hand)
 R - a ring of resist corrosion
 U - the amulet "Akoumeoc" (around neck) {Reflect rElec Str+3 SH+5 SInv}
   (You acquired it on level 2 of the Orcish Mines)

   [amulet of reflection]

   It reflects blocked missile attacks.
   Str:       It affects your strength (+3).
   rElec:     It insulates you from electricity.
   SInv:      It lets you see invisible.
   SH:        It affects your SH (+5).
 Z - a +4 ring of evasion
Wands
 s - a wand of mindburst (9)
 z - a wand of acid (3)
 E - a wand of digging (8)
 H - a wand of roots (48)
 Q - a wand of paralysis (41)
Scrolls
 n - a scroll of silence
 q - a scroll of brand weapon
 w - a scroll of enchant weapon
 B - 6 scrolls of teleportation
 G - 25 scrolls of identify
 I - 3 scrolls of fear
 K - 9 scrolls of enchant armour
 N - 2 scrolls of butterflies
 P - a scroll of summoning
 Y - 5 scrolls of poison
Potions
 f - a potion of cancellation
 i - 13 potions of curing
 j - 6 potions of lignification
 l - a potion of berserk rage
 m - 12 potions of might
 o - 6 potions of brilliance
 F - 6 potions of ambrosia
 M - 2 potions of invisibility
 T - 2 potions of magic
 V - 2 potions of resistance
 W - 5 potions of haste
Miscellaneous
 g - a phial of floods


   Skills:
 * Level 19.2 Fighting
 - Level 14.0 Long Blades
 - Level 6.0 Throwing
 - Level 3.0 Armour
 * Level 17.2 Dodging
 - Level 1.5 Stealth
 - Level 15.0 Shields
 - Level 10.0 Spellcasting
 + Level 16.9 Necromancy
 - Level 3.0 Air Magic
 - Level 2.0 Poison Magic


You had 5 spell levels left.
You knew the following spells:

 Your Spells              Type           Power      Damage    Failure   Level
a - Necrotise             Necr           100%       1d9       1%          1
b - Vampiric Draining     Necr           38%        2d8       1%          3
c - Cigotuvi's Dreadful   Necr/Pois/Air  38%        N/A       2%          2
d - Animate Dead          Necr           38%        N/A       1%          4
e - Dispel Undead         Necr           38%        3d16      1%          4
f - Agony                 Necr           38%        N/A       1%          5
g - Death Channel         Necr           19%        N/A       4%          6
h - Anguish               Hex/Necr       10%        N/A       9%          4
i - Borgnjor's Vile Clut  Necr/Erth      10%        N/A       24%         5

Your spell library contained the following spells:

 Spells                   Type           Power      Damage    Failure   Level
 Magic Dart               Conj           20%        1d4       28%         1
 Slow                     Hex            20%        N/A       28%         1
 Ensorcelled Hibernation  Hex/Ice        10%        N/A       38%         2
 Scorch                   Fire           10%        2d6       38%         2
 Searing Ray              Conj           10%        2d4       38%         2
 Spider Form              Tmut/Pois      7%         N/A       50%         3
 Call Canine Familiar     Summ           5%         N/A       63%         3
 Confusing Touch          Hex            5%         N/A       63%         3
 Dazzling Flash           Conj/Hex       10%        N/A       63%         3
 Frozen Ramparts          Ice            10%        1d2       63%         3
 Gell's Gravitas          Tloc           5%         N/A       63%         3
 Hailstorm                Conj/Ice       5%         3d4       63%         3
 Inner Flame              Hex/Fire       5%         N/A       63%         3
 Lesser Beckoning         Tloc           10%        N/A       63%         3
 Portal Projectile        Hex/Tloc       10%        N/A       63%         3
 Teleport Other           Tloc           5%         N/A       63%         3
 Airstrike                Air            5%         2d(1-17)  63%         4
 Summon Lightning Spire   Summ/Air       8%         N/A       83%         4
 Animate Armour           Summ/Erth      10%        N/A       95%         4
 Cause Fear               Hex            2%         N/A       95%         4
 Flame Wave               Conj/Fire      5%         2d5       95%         4
 Fulminant Prism          Conj/Hex       2%         3d5       95%         4
 Iskenderun's Mystic Bla  Conj/Tloc      5%         2d3       95%         4
 Leda's Liquefaction      Hex/Erth       2%         N/A       95%         4
 Sticky Flame             Conj/Fire      5%         2d3       95%         4
 Summon Ice Beast         Ice/Summ       5%         N/A       95%         4
 Alistair's Intoxication  Tmut/Pois      4%         N/A       99%         5
 Lightning Bolt           Conj/Air       4%         1d15      99%         5
 Blade Hands              Tmut           2%         N/A       100%        5
 Iskenderun's Battlesphe  Conj           5%         2d6       100%        5
 Summon Forest            Summ/Tloc      2%         N/A       100%        5
 Summon Mana Viper        Hex/Summ       5%         N/A       100%        5
 Simulacrum               Ice/Necr       10%        N/A       80%         6
 Dispersal                Tloc           2%         N/A       100%        6
 Eringya's Noxious Bog    Tmut/Pois      3%         N/A       100%        6
 Iron Shot                Conj/Erth      2%         9d2       100%        6
 Starburst                Conj/Fire      2%         6d3       100%        6
 Summon Cactus Giant      Summ           2%         N/A       100%        6
 Monstrous Menagerie      Summ           2%         N/A       100%        7
 Spellforged Servitor     Conj/Summ      2%         N/A       100%        7
 Summon Hydra             Summ           2%         N/A       100%        7
 Discord                  Hex            2%         N/A       100%        8


Dungeon Overview and Level Annotations

Branches:
Dungeon (15/15)            Temple (1/1) D:5            Lair (5/5) D:9
  Swamp (4/4) Lair:3       Spider (4/4) Lair:3        Slime (0/5) Lair:4
    Orc (2/2) D:12            Elf (3/3) Orc:2        Vaults (0/5) D:14
 Depths (0/4) D:15         Bailey (visited)           IceCv (visited)
Desolation (visited)      Gauntlet (visited)

Altars:
Ashenzari
Cheibriados
Dithmenos
Elyvilon
Fedhas
Gozag
Hepliaklqana
Kikubaaqudgha
Makhleb
Nemelex Xobeh
Okawaru
Qazlal
Ru
Sif Muna
Trog
Uskayaw
Vehumet
Wu Jian
Xom
Yredelemnul
Zin
The Shining One
Jiyva

Shops:
D:11 *   Orc:2 ?!?*

Portals:
Trove: D:10 (show slimy rune of Zot)

Annotations:
D:5 Edmund
D:6 1 runed translucent door, exclusion: upstairs, Crazy Yiuf
D:7 exclusion: downstairs
D:14 3 runed translucent doors, exclusion: obsidian statue
Lair:1 exclusion: 2 downstairs
Lair:2 1 runed translucent door, exclusion: 2 downstairs, crasatator's ghost, journeyman TrFi
Lair:3 exclusion: downstairs
Swamp:1 Roxanne
Swamp:3 Bai Suzhen


Innate Abilities, Weirdness & Mutations

You have a beak for a mouth.
You have claws for feet.
Your magical nature lets you fly swiftly and evasively.


Message History

The deep elf archer shoots an arrow.
The arrow misses you.
The deep elf archer shoots an arrow.
The arrow hits you!
* * * LOW HITPOINT WARNING * * *
You hit the deep elf master archer.
The deep elf master archer writhes in agony.
You peck the deep elf master archer.
The deep elf master archer is lightly wounded.
The deep elf master archer wields a +0 longbow.
The deep elf master archer shoots an arrow.
The arrow hits you!
* * * LOW HITPOINT WARNING * * *
The deep elf archer shoots an arrow.
The arrow barely misses you.
The deep elf archer shoots an arrow.
You reflect the arrow off an invisible shield around you!
The arrow barely misses the deep elf archer.
As you read the scroll of teleportation, it crumbles to dust.
You feel strangely unstable.
The deep elf master archer shoots an arrow.
The arrow hits you but does no damage.
A deep elf master archer comes into view.
It is wearing a +2 plate armour of positive energy.
The deep elf archer shoots an arrow.
The arrow hits you!
* * * LOW HITPOINT WARNING * * *
The deep elf master archer shoots an arrow.
The arrow barely misses you.
Unknown command.
The deep elf master archer shoots an arrow.
You reflect the arrow off an invisible shield around you!
The arrow barely misses the deep elf master archer.
The deep elf archer shoots an arrow.
You reflect the arrow off an invisible shield around you!
The arrow closely misses the deep elf archer.
The deep elf master archer shoots an arrow.
The arrow misses you.
Found two staves of earth.
The deep elf master archer shoots an arrow.
The arrow closely misses you.
The deep elf annihilator points at you and mumbles some strange words.
The crystal spear hits you!!!
You die...
Kikubaaqudgha rasps: "You have failed me!
Welcome... death!"

#.8.#...# #...#.8.## ||##.
#...#.)..# :).## #.8.'...)#
)..# . #...#.....# ##.8.###
.. #...#.8.....#####....##
...
#.8.#...........##....##..
#...##..##.......#..⌠..'
#....#... #..#..@##eeE# ###
#....##... #.##...##e# ####
##....#....#..##...#e######
#....## ......##eeeE###8###
#..#..##.......#....#######
#..##.)###.....e)...######
##..##)..###.......###8##
#...#.....####'#########
##..........)...).######


You could see a deep elf master archer, a deep elf annihilator, a deep elf
archer (repels missiles) and a fire elemental (summoned).

Vanquished Creatures
  Nikola (Swamp:3)
  Arachne (Spider:3)
  A tentacled monstrosity (Swamp:4)
  3 deep elf blademasters
  Asterion (Spider:4)
  2 deep elf master archers (Elf:3)
  Kirke (Spider:3)
  6 fenstrider witches
  4 emperor scorpions
  3 deep elf sorcerers
  Louise (Spider:3)
  3 ghouls
  2 ghost moths (Spider:2)
  An orc warlord (Orc:1)
  3 reapers (IceCv)
  A broodmother (Spider:1)
  2 deep elf elementalists (Elf:3)
  A very ugly thing (IceCv)
  2 eleionomae
  3 deep elf demonologists (Elf:3)
  A halazid warlock (Desolation)
  5 bunyips
  A minotaur (Gauntlet)
  6 deep elf annihilators (Elf:3)
  A spark wasp (Spider:4)
  Josephine (Orc:1)
  4 deep elf death magi (Elf:3)
  A green death (Swamp:4)
  Snorg (Lair:5)
  2 deep elf high priests (Elf:3)
  A ragged hierophant (Desolation)
  2 entropy weavers
  5 ogre magi
  A rakshasa (D:14)
  2 spriggan air magi (Swamp:4)
  Fannar (Lair:2)
  Erolcha (Orc:1)
  2 vault guards (D:14)
  A peacekeeper (Desolation)
  The ghost of Suaff the Destroyer, a journeyman OpFE of Hepliaklqana (Lair:4)
  4 hydras
  2 ghost crabs
  4 catoblepae
  3 centaur warriors
  5 boulder beetles
  5 caustic shrike simulacra (IceCv)
  2 jorogumos
  A radroach (Spider:4)
  A death knight (D:13)
  30 dancing weapons
  6 tengu warriors
  The ghost of Shenda the Basher, a journeyman GrFi of Okawaru (D:6)
  6 death yaks
  7 two-headed ogres
  11 alligators
  3 orc high priests (Orc:2)
  2 thrashing horrors (Gauntlet)
  Urug (Lair:4)
  3 soul eaters (Swamp:4)
  14 spriggans
  19 deep elf knights
  Nergalle (D:12)
  6 pharaoh ants
  6 goliath frogs
  2 sun moths (Spider:4)
  9 orb spiders
  2 skeletal warriors (D:15)
  A death drake (Gauntlet)
  7 steelbarb worms
  4 swamp dragons
  2 obsidian statues (IceCv)
  7 spriggan druids
  5 bog bodies
  19 deep elf archers
  2 wizards (Swamp:4)
  2 spriggan simulacra (IceCv)
  A flayed ghost (D:15)
  A necromancer (D:15)
  5 orc knights
  29 deep elf pyromancers
  18 deep elf zephyrmancers
  5 orc sorcerers
  An oklob plant (Lair:3)
  3 will-o-the-wisps
  A fire giant zombie (D:15)
  2 cyclopes
  2 elephants (Lair:3)
  11 wolf spiders
  3 manticores
  6 ugly things
  A sphinx skeleton (D:15)
  3 centaur zombies (Gauntlet)
  A spectral centaur (Gauntlet)
  A guardian serpent (shapeshifter) (D:14)
  A moth of wrath (Spider:4)
  Joseph (D:9)
  3 black mambas
  11 cane toads
  2 gargoyles
  An orange demon (Swamp:4)
  An efreet (D:14)
  3 demonic crawlers
  A spriggan zombie (D:15)
  8 torpor snails
  An unseen horror (D:11)
  An ice devil (IceCv)
  6 freezing wraiths
  6 hellwings (Swamp:4)
  A tengu conjurer (D:14)
  7 komodo dragons
  6 rime drakes
  A queen bee (shapeshifter) (Elf:1)
  8 polar bears
  7 trolls
  16 hornets
  10 dream sheep
  8 tyrant leeches
  4 saltlings (Desolation)
  18 slime creatures
  26 tarantellas
  13 blink frogs
  19 jumping spiders
  A centaur simulacrum (D:14)
  3 shadows
  25 culicivoras
  4 wyverns
  57 yaks
  3 water elementals
  An ettin skeleton (D:15)
  Eustachio (D:4)
  3 air elementals (Elf:1)
  A dire elephant simulacrum (IceCv)
  A chaos spawn (Swamp:4)
  8 wraiths
  7 humans (D:14)
  4 hogs (Spider:3)
  A fire elemental (Elf:2)
  A neqoxec (Swamp:4)
  3 basilisks
  10 vampire mosquitoes
  3 steam dragons
  48 redbacks
  6 wargs
  3 small abominations (Gauntlet)
  11 swamp worms
  2 hydra simulacra (IceCv)
  9 water moccasins
  2 swamp drakes
  6 black bears
  A sky beast (D:8)
  27 orc warriors
  2 ice beasts
  3 ettin simulacra (IceCv)
  13 ogres
  15 wolves
  4 centaurs
  A kobold brigand (D:9)
  14 bullfrogs
  2 necrophages (Swamp:3)
  4 earth elementals
  A deep troll simulacrum (IceCv)
  5 gnoll sergeants
  5 scorpions
  8 wights
  13 killer bees (D:9)
  A lindwurm simulacrum (IceCv)
  6 electric eels
  8 howler monkeys
  4 jellies
  20 orc priests
  4 hounds
  A gnoll bouda (D:5)
  Ijyb (D:5)
  3 iguanas
  26 orc wizards
  Robin (D:4)
  39 gnolls
  8 adders
  An ufetubus (D:6)
  2 worms (D:2)
  5 dart slugs
  81 orcs
  5 ball pythons
  9 endoplasms
  2 giant cockroaches
  16 goblins
  13 hobgoblins
  3 jackals (D:3)
  2 quokkas
  5 bats
  3 frilled lizards
  13 kobolds
  3 rats
1198 creatures vanquished.

Vanquished Creatures (collateral kills)
  An emperor scorpion (Spider:4)
  An entropy weaver (Spider:3)
  A hydra (Lair:2)
  A boulder beetle (Lair:3)
  4 death yaks
  A deep elf knight (Elf:2)
  A pharaoh ant (Spider:3)
  A swamp dragon (Swamp:2)
  2 orb spiders
  A sun moth (Spider:4)
  A bog body (Lair:3)
  2 wolf spiders (Spider:4)
  3 deep elf zephyrmancers (Elf:2)
  A deep elf archer (Elf:2)
  A deep elf pyromancer (Elf:2)
  An orc knight (Orc:2)
  A moth of wrath (Spider:3)
  An elephant (Lair:3)
  A black mamba (Lair:5)
  A torpor snail (Spider:4)
  A demonic crawler (Spider:4)
  A human zombie (D:14)
  4 meliai
  2 tyrant leeches
  10 tarantellas
  2 dream sheep (Lair:3)
  3 blink frogs
  9 jumping spiders
  4 culicivoras
  2 spriggans
  4 yaks
  A hog (Spider:3)
  3 humans (D:14)
  17 redbacks
  A vampire mosquito (Swamp:1)
  A basilisk (Lair:1)
  A chaos spawn (Swamp:4)
  4 swamp worms
  A black bear (Lair:3)
  2 orc warriors
  A swamp drake (Swamp:2)
  An ogre (Orc:1)
  6 wolves
  An electric eel (Lair:4)
  An orc priest (Orc:1)
  3 orc wizards
  15 orcs
  An endoplasm (Lair:4)
  A goblin (Orc:1)
130 creatures vanquished.

Vanquished Creatures (others)
  2 deep elf knights (Elf:2)
  3 deep elf pyromancers (Elf:2)
  4 deep elf zephyrmancers (Elf:2)
  A yaktaur (shapeshifter) (Elf:1)
  3 death yak zombies
  A bloated husk (Swamp:2)
  A spriggan (Swamp:2)
  A black mamba zombie (Lair:5)
  2 humans (Spider:3)
  A chaos spawn (Swamp:4)
  A cane toad zombie (Lair:5)
  An elephant zombie (Lair:3)
  2 blink frog zombies
  A polar bear zombie (Lair:2)
  8 yak zombies
  2 troll zombies (D:12)
  3 wolf zombies
  2 human zombies (D:14)
  An orc wizard (Orc:2)
  An adder (D:6)
  A gnoll (D:12)
  26 orc zombies
  An orc (Orc:1)
  A bush (Lair:3)
  12 foxfires
  48 fungi
  73 plants
  8 withered plants (D:15)
211 creatures vanquished.

Grand Total: 1539 creatures vanquished

Notes
Turn   | Place    | Note
-------+----------+-------------------------------------------
     0 | D:1      | stonewall the Tengu Gladiator began the quest for the Orb.
     0 | D:1      | Reached XP level 1. HP: 12/12 MP: 2/2
    89 | D:1      | Reached XP level 2. HP: 17/17 MP: 3/3
   664 | D:1      | Reached XP level 3. HP: 20/22 MP: 4/4
   936 | D:2      | Found a shadowy altar of Dithmenos.
   961 | D:2      | Found the +3 woodcutter's axe {vorpal}
  1121 | D:2      | Identified the +0 ring mail "Pyemomov" {Will+ Regen+ Str-2
                  | Stlth+}
  1144 | D:2      | Reached XP level 4. HP: 27/27 MP: 5/5
  2341 | D:4      | Reached skill level 3 in Fighting
  2341 | D:4      | Gained mutation: Your magical nature lets you fly swiftly
                  | and evasively. [Tengu growth]
  2341 | D:4      | Reached XP level 5. HP: 32/32 MP: 6/6
  2382 | D:4      | Reached skill level 5 in Long Blades
  2545 | D:4      | Noticed Robin
  2562 | D:4      | Killed Robin
  2928 | D:4      | You are sucked into a shaft and drop 3 floors!
  2933 | D:7      | Noticed an ogre
  2941 | D:7      | Killed an ogre
  2942 | D:7      | Reached skill level 1 in Stealth
  2942 | D:7      | Reached XP level 6. HP: 37/37 MP: 7/7
  2984 | D:6      | Noticed a steam dragon
  3013 | D:5      | Entered Level 5 of the Dungeon
  3013 | D:5      | Noticed Eustachio
  3097 | D:6      | Reached XP level 7. HP: 40/42 MP: 8/8
  3120 | D:6      | Found a bloodstained altar of Trog.
  3787 | D:5      | Reached skill level 4 in Fighting
  3787 | D:5      | Reached skill level 5 in Dodging
  3787 | D:5      | Reached skill level 1 in Shields
  3823 | D:5      | Noticed Ijyb
  3921 | D:5      | Noticed Edmund
  4086 | D:4      | Killed Eustachio
  4087 | D:4      | Reached XP level 8. HP: 48/48 MP: 9/9
  4318 | D:5      | Killed Ijyb
  4340 | D:5      | Found a staircase to the Ecumenical Temple.
  4393 | Temple   | Entered the Ecumenical Temple
  4752 | Temple   | Became a worshipper of Kikubaaqudgha
  4893 | D:5      | Reached skill level 5 in Fighting
  5104 | D:6      | Noticed a yak
  5123 | D:6      | HP: 1/49 [steam dragon/ball of steam (18)]
  5128 | D:6      | Reached XP level 9. HP: 13/54 MP: 10/10
  5254 | D:6      | Found a runed translucent door.
  5255 | D:6      | Noticed Crazy Yiuf
  5566 | D:6      | Noticed Shenda's ghost (journeyman GrFi)
  5570 | D:6      | Found a transporter.
  5664 | D:6      | Found a transporter.
  6090 | D:7      | Reached * piety under Kikubaaqudgha
  6090 | D:7      | Received a gift from Kikubaaqudgha
  6095 | D:7      | Learned a level 1 spell: Necrotise
  6121 | D:7      | Reached skill level 1 in Necromancy
  6305 | D:7      | Reached skill level 1 in Armour
  6305 | D:7      | Reached skill level 1 in Spellcasting
  6874 | D:8      | Reached skill level 10 in Long Blades
  6931 | D:8      | Identified the +1 cloak of Words of Power {rPois}
  6948 | D:8      | Learned a level 3 spell: Vampiric Draining
  6973 | D:8      | Reached XP level 10. HP: 38/60 MP: 14/14
  7202 | D:8      | Reached ** piety under Kikubaaqudgha
  7819 | D:9      | Learned a level 2 spell: Cigotuvi's Dreadful Rot
  7862 | D:9      | Noticed a two-headed ogre
  7869 | D:9      | Killed a two-headed ogre
  7870 | D:9      | Reached skill level 5 in Necromancy
  7870 | D:9      | Reached skill level 1 in Poison Magic
  8292 | D:9      | Found a hide-covered altar of Uskayaw.
  8473 | D:9      | Reached *** piety under Kikubaaqudgha
  8473 | D:9      | Received a gift from Kikubaaqudgha
  8479 | D:9      | Learned a level 4 spell: Animate Dead
  8484 | D:9      | Learned a level 4 spell: Dispel Undead
  8586 | D:9      | Reached XP level 11. HP: 64/64 MP: 16/16
  8727 | D:9      | Noticed Joseph
  8740 | D:9      | Killed Joseph
  8904 | D:9      | Found a staircase to the Lair.
  9098 | D:10     | Entered Level 10 of the Dungeon
  9287 | D:10     | Found a flagged portal.
  9297 | Bailey   | Entered a bailey
  9505 | Bailey   | Noticed an orc knight
  9548 | Bailey   | Killed an orc knight
 10045 | D:10     | Reached **** piety under Kikubaaqudgha
 10285 | D:10     | Noticed a two-headed ogre
 10295 | D:10     | Killed a two-headed ogre
 10428 | D:10     | Found a portal to a secret trove of treasure.
 10918 | Lair:1   | Entered Level 1 of the Lair of Beasts
 10937 | D:9      | Reached skill level 6 in Fighting
 11147 | Lair:1   | Reached skill level 5 in Shields
 11422 | Lair:1   | Reached skill level 7 in Fighting
 11587 | Lair:1   | Reached XP level 12. HP: 60/72 MP: 13/17
 11999 | Lair:1   | Reached skill level 8 in Fighting
 12777 | Lair:2   | Noticed a four-headed hydra
 12938 | Lair:2   | Reached ***** piety under Kikubaaqudgha
 13096 | Lair:3   | Noticed Fannar
 13107 | Lair:2   | Reached skill level 10 in Dodging
 13139 | Lair:2   | Reached skill level 9 in Fighting
 13189 | Lair:2   | Noticed a death yak
 13200 | Lair:2   | Noticed a four-headed hydra
 13201 | Lair:2   | Killed a death yak
 13435 | Lair:2   | Found a runed translucent door.
 13444 | Lair:2   | Identified the +5 spear of Tenacity {speed, rElec rC+
                  | Dex+4}
 13729 | Lair:2   | Killed a four-headed hydra
 13978 | Lair:2   | Killed a four-headed hydra
 14280 | Lair:2   | Noticed crasatator's ghost (journeyman TrFi)
 14330 | Lair:3   | Noticed a death yak
 14330 | Lair:3   | Noticed a death yak
 14331 | Lair:3   | Noticed a death yak
 14331 | Lair:3   | Noticed a death yak
 14331 | Lair:3   | Noticed a death yak
 14425 | Lair:2   | Reached skill level 10 in Fighting
 14528 | Lair:3   | Found a hole to the Spider Nest.
 14724 | Lair:2   | Reached XP level 13. HP: 48/82 MP: 17/19
 14831 | Lair:2   | Learned a level 5 spell: Agony
 15500 | Lair:2   | Killed Fannar
 15770 | Lair:3   | Reached skill level 11 in Fighting
 16483 | Lair:3   | Found a staircase to the Swamp.
 16721 | Lair:3   | Reached skill level 12 in Fighting
 16955 | Lair:4   | Found a staircase to the Slime Pits.
 16955 | Lair:4   | Found a viscous altar of Jiyva.
 16969 | Lair:4   | Noticed Urug
 17124 | Lair:4   | Killed Urug
 17125 | Lair:4   | Reached skill level 10 in Necromancy
 17560 | Lair:4   | Found a large runed translucent door.
 17561 | Lair:4   | Found a large runed translucent door.
 17564 | Lair:4   | Noticed Suaff's ghost (journeyman OpFE)
 18022 | Lair:5   | Entered Level 5 of the Lair of Beasts
 18033 | Lair:4   | Reached XP level 14. HP: 92/92 MP: 21/21
 18048 | Lair:5   | Identified the +1 leather armour "Baed Puu" {*Corrode rPois
                  | rF++ Stlth+}
 18238 | Lair:5   | Reached skill level 5 in Spellcasting
 18434 | Lair:5   | Noticed Snorg
 18447 | Lair:5   | Killed Snorg
 18548 | Lair:5   | Reached ****** piety under Kikubaaqudgha
 18891 | Lair:5   | Identified a +9 scimitar of pain (a +9 scimitar of
                  | protection bloodied by Kikubaaqudgha)
 18891 | Lair:5   | Received a gift from Kikubaaqudgha
 20125 | Lair:4   | Learned a level 6 spell: Death Channel
 20966 | D:11     | Found Ekaix's General Store.
 20970 | D:11     | Bought a potion of curing for 48 gold pieces
 20970 | D:11     | Bought a scroll of teleportation for 48 gold pieces
 20970 | D:11     | Bought a scroll of teleportation for 48 gold pieces
 20970 | D:11     | Bought a scroll of magic mapping for 120 gold pieces
 21371 | D:12     | Identified the +4 sling of Contention {vorpal, Will++ Str-5
                  | Int+4 Stlth+}
 21573 | D:12     | Noticed Nergalle
 21718 | D:12     | Killed Nergalle
 22179 | D:12     | Found a staircase to the Orcish Mines.
 22224 | Orc:1    | Entered Level 1 of the Orcish Mines
 22224 | Orc:1    | Noticed Erolcha
 22226 | Orc:1    | Noticed an orc warlord
 22229 | Orc:1    | Killed Erolcha
 22370 | Orc:1    | Killed an orc warlord
 22401 | Orc:1    | Noticed Josephine
 22411 | Orc:1    | Killed Josephine
 22412 | Orc:1    | Reached XP level 15. HP: 64/93 MP: 27/27
 23043 | Orc:2    | Entered Level 2 of the Orcish Mines
 23076 | Orc:2    | Found a gate leading to a gauntlet.
 23078 | Orc:2    | Found a staircase to the Elven Halls.
 23085 | Gauntlet | Entered a Gauntlet
 23085 | Gauntlet | Found a transporter.
 23088 | Gauntlet | Found a transporter.
 23104 | Gauntlet | Found a transporter.
 23108 | Gauntlet | Found a transporter.
 23129 | Gauntlet | Found a transporter.
 23142 | Gauntlet | Found a transporter.
 23156 | Gauntlet | Found a transporter.
 23185 | Gauntlet | Found a transporter.
 23185 | Gauntlet | Found a transporter.
 23192 | Gauntlet | Found a transporter.
 23227 | Gauntlet | Found a transporter.
 23259 | Gauntlet | Found a transporter.
 23387 | Gauntlet | Identified the +1 pair of gloves of Hospitality {rN+ Will-
                  | rCorr Str+2}
 24467 | Orc:2    | Reached skill level 10 in Spellcasting
 24482 | Orc:2    | Found Tukhunoi's Distillery.
 24482 | Orc:2    | Found Ximugh's Magic Scroll Shop.
 24482 | Orc:2    | Found Dinatel's General Store.
 24482 | Orc:2    | Found Cuplawuo's Magic Scroll Shop.
 25065 | Orc:2    | Bought a scroll of teleportation for 42 gold pieces
 25065 | Orc:2    | Bought a scroll of teleportation for 42 gold pieces
 25065 | Orc:2    | Bought a scroll of teleportation for 42 gold pieces
 25065 | Orc:2    | Bought a scroll of fear for 56 gold pieces
 25065 | Orc:2    | Bought a scroll of fear for 56 gold pieces
 25070 | Orc:2    | Bought the +4 Cigotuvi's embrace {rMiasma Drain rN+} for
                  | 358 gold pieces
 25070 | Orc:2    | Found the +4 Cigotuvi's embrace {rMiasma Drain rN+}
 25111 | Orc:2    | Bought 2 potions of haste for 280 gold pieces
 25111 | Orc:2    | Bought a potion of heal wounds for 70 gold pieces
 25111 | Orc:2    | Bought a potion of haste for 140 gold pieces
 25111 | Orc:2    | Bought a potion of resistance for 140 gold pieces
 25111 | Orc:2    | Bought 2 potions of might for 112 gold pieces
 25111 | Orc:2    | Bought 2 potions of curing for 84 gold pieces
 25114 | Orc:2    | Bought a scroll of acquirement for 676 gold pieces
 25115 | Orc:2    | Acquired the amulet "Akoumeoc" {Reflect rElec Str+3 SH+5
                  | SInv}
 25436 | Orc:2    | Bought a potion of curing for 39 gold pieces
 25436 | Orc:2    | Bought a scroll of fear for 52 gold pieces
 25436 | Orc:2    | Bought 2 potions of might for 104 gold pieces
 25436 | Orc:2    | Bought a wand of digging (4) for 218 gold pieces
 26714 | D:14     | Found a runed translucent door.
 26727 | D:14     | Found a runed translucent door.
 26762 | D:14     | Found a gate to the Vaults.
 26822 | D:14     | Found a runed translucent door.
 26845 | D:14     | Found a runed translucent door.
 27649 | D:14     | Learned a level 4 spell: Anguish
 27650 | D:15     | Entered Level 15 of the Dungeon
 27773 | D:15     | Found a staircase to the Depths.
 28122 | D:15     | Reached XP level 16. HP: 103/103 MP: 31/31
 28182 | D:15     | Found a blossoming altar of Fedhas.
 28394 | D:15     | Reached skill level 13 in Fighting
 29424 | Spider:1 | Entered Level 1 of the Spider Nest
 29921 | Spider:1 | Reached skill level 10 in Shields
 30058 | Spider:1 | Identified the +0 ring mail of Fabulous Joy {Dex+5}
 30334 | Spider:2 | Found a frozen archway.
 30345 | IceCv    | Entered an ice cave
 31478 | IceCv    | HP: 5/104 [reaper/+1 scythe of freezing (2)]
 31507 | IceCv    | Reached skill level 5 in Throwing
 31639 | IceCv    | Got the Compendium of the Chill
 32156 | Spider:2 | Reached XP level 17. HP: 109/109 MP: 26/32
 32916 | Spider:3 | Noticed Louise
 32949 | Spider:3 | Killed Louise
 33432 | Spider:3 | Noticed Kirke
 33453 | Spider:3 | Killed Kirke
 33837 | Spider:3 | Noticed Arachne
 34180 | Spider:3 | Reached skill level 14 in Fighting
 34406 | Spider:3 | Killed Arachne
 34774 | Spider:4 | Entered Level 4 of the Spider Nest
 35339 | Spider:4 | Reached skill level 15 in Fighting
 35628 | Spider:4 | Reached skill level 16 in Fighting
 35656 | Spider:4 | Noticed Asterion
 35666 | Spider:4 | Killed Asterion
 35676 | Spider:4 | Reached XP level 18. HP: 68/120 MP: 27/33
 36075 | Spider:4 | Reached skill level 15 in Necromancy
 36550 | Spider:4 | Got a gossamer rune of Zot
 36800 | Lair:4   | Killed Suaff's ghost
 37009 | D:6      | Killed Shenda's ghost
 37565 | Swamp:1  | Entered Level 1 of the Swamp
 37887 | Swamp:1  | Identified the +4 spear of Honour {pain, rC++ Int+4}
 38234 | Swamp:1  | Noticed Roxanne
 38377 | Swamp:1  | Found the +12 glaive of Prune {vorpal}
 39547 | Swamp:3  | Identified the +3 cloak "Talafot" {rPois rC- Dex+4}
 39556 | Swamp:3  | Reached skill level 17 in Fighting
 39867 | Swamp:3  | Identified the +3 kite shield of the Six Realms {Int+4}
 40106 | Swamp:3  | Noticed Bai Suzhen
 40256 | Swamp:3  | Noticed Nikola
 40269 | Swamp:3  | Killed Nikola
 40469 | Swamp:4  | Entered Level 4 of the Swamp
 40704 | Swamp:4  | Noticed a tentacled monstrosity
 40728 | Swamp:4  | Killed a tentacled monstrosity
 40928 | Swamp:4  | Reached XP level 19. HP: 123/128 MP: 34/34
 41676 | Swamp:4  | Reached skill level 15 in Dodging
 42294 | Swamp:4  | Got a decaying rune of Zot
 42315 | Swamp:4  | Learned a level 5 spell: Borgnjor's Vile Clutch
 42871 | Elf:1    | Entered Level 1 of the Elven Halls
 43669 | Elf:1    | Reached skill level 18 in Fighting
 44294 | Elf:1    | Paralysed by an air elemental for 1 turns
 44806 | Elf:2    | Found a crumbling gateway.
 44815 | Desolati | Entered the Desolation of Salt
 45072 | Elf:2    | Found a flickering gateway to a bazaar.
 45079 | Bazaar   | Entered a bazaar
 45126 | Bazaar   | Found Peklefar's Jewellery Shop.
 45158 | Bazaar   | Found Ilaimehe's Antique Armour Shop.
 45247 | Bazaar   | Bought a +4 ring of protection for 432 gold pieces
 45267 | Bazaar   | Bought a brightly glowing scale mail for 279 gold pieces
 45267 | Bazaar   | Identified the +5 scale mail of Xuduggix {rF- Str+10} (You
                  | bought it in a shop in a bazaar)
 45269 | Bazaar   | Bought an opalescent robe for 176 gold pieces
 45269 | Bazaar   | Identified the +1 robe of the Good {-Tele Rampage rN+} (You
                  | bought it in a shop in a bazaar)
 45525 | Elf:2    | Found a runed translucent gate.
 45525 | Elf:2    | Found a runed translucent gate.
 45525 | Elf:2    | Found a runed translucent gate.
 46009 | Elf:2    | Reached XP level 20. HP: 82/137 MP: 35/35
 46731 | Elf:3    | Entered Level 3 of the Elven Halls
 47288 | Elf:3    | Identified the +7 morningstar "Hamous" {venom, *Rage rElec
                  | rPois rN+++}
 47288 | Elf:3    | Identified the +2 robe of Grace {rPois Int+3}
 47574 | Elf:3    | Reached skill level 19 in Fighting
 47724 | Elf:3    | Reached skill level 15 in Shields
 47813 | Elf:3    | Identified the +6 great sword of Havoc {flame, *Slow rElec
                  | rN+ rCorr Stlth+}
 47813 | Elf:3    | Identified the ring "Usoneggull" {rElec Str+2 Slay+4}
 47829 | Elf:3    | Killed from afar by a deep elf annihilator

Illustrated notes

Levels and vault maps discovered:
D:1:      eino_arrival_cavern_c, layout_basic, minmay_distorted
D:2:      layout_rooms, basic_altar, minmay_stone_trees_small
D:3:      layout_basic
D:4:      layout_basic, minmay_misc_feat_pillars, sigmund_army, uniq_robin
D:5:      layout_cave_pools, minmay_temple_entry_tees, uniq_edmund,
          uniq_eustachio, uniq_ijyb
D:6:      layout_cave_pods, trog_hazing_becter, gammafunk_ghost_arena,
          serial_rivers, chequers_serial_rivers_room_b,
          chequers_serial_rivers_small_a, chequers_serial_rivers_micro_c,
          chequers_serial_rivers_micro_c, minmay_misc_feat_alley,
          uniq_crazy_yiuf_cottage
D:7:      layout_cave_pools
D:8:      layout_loops_ring
D:9:      minmay_recursive_quarters, layout_basic,
          eat_drink_and_be_merry_uskayaw, dpeg_oklobed_lair, uniq_joseph
D:10:     layout_basic, enter_bailey_2, enter_trove_6
D:11:     layout_roguey, serial_shops, kennysheep_mini, due_unseen_surprise
D:12:     layout_big_octagon, erik_orc_1, uniq_nergalle
D:13:     layout_basic
D:14:     layout_cave_pods, ximxim_vaults_locker_room, hex_medium,
          minmay_statue_crystal_thing
D:15:     gammafunk_depths_entry_grave, layout_stronghold,
          minmay_misc_feat_secret_circle, fedhas_altar_3
Temple:   mainiacjoe_temple_cubbyholes
Lair:1:   beast_lair_carwin_large_1, layout_regular_city,
          infiniplex_staircase_pool
Lair:2:   layout_cave_pods, ebering_ghost_funeral_grove,
          hangedman_lair_generics_rect
Lair:3:   layout_misc_corridors, skrybe_swamp_entry_bodies,
          nicolae_spider_entry_tight_spaces, lemuel_fruit_fields, uniq_fannar
Lair:4:   layout_regular_city, nicolae_slime_entry_slimehenge,
          ebering_ghost_disaster_area, chequers_serial_rivers_room_a,
          minivault_11, chequers_serial_rivers_micro_a, serial_bayou_shore_b,
          serial_bayou_shore_a, uniq_urug
Lair:5:   evilmike_catoblepas_cave, layout_loops_ring, uniq_snorg
Swamp:1:  layout_basic_swamp, evilmike_swamp_ruin_house_5, uniq_roxanne
Swamp:2:  layout_basic_swamp, evilmike_swamp_ruin_house_1, swamp_pool2
Swamp:3:  layout_basic_swamp, evilmike_swamp_ruin_rubble_1,
          nicolae_swamp_some_circles, uniq_nikola, uniq_bai_suzhen
Swamp:4:  nzn_swamp_witches_coven, layout_basic_swamp
Spider:1: layout_spider_delve
Spider:2: layout_cave_pods, portal_ice_cave_entry_pillars_2
Spider:3: layout_chambers, guppyfry_hornet_nest, uniq_louise, uniq_arachne,
          uniq_kirke
Spider:4: grunt_spider_rune_island, hangedman_spider_tarantella_strand,
          uniq_asterion
Orc:1:    layout_diamond_mine, mines5_lemuel, uniq_josephine, uniq_erolcha
Orc:2:    grunt_orc_tribal_feast, layout_caves, gauntlet_entry_generic
Elf:1:    layout_onion_city, evilmike_minifort, roderic_roman_lattice
Elf:2:    nicolae_elf_blades_splatter_lattice
          [nicolae_blade_entry_hurt_lockers], layout_loops_cross, serial_shops,
          bzr_entry_road, portal_desolation_entry_ruin
Elf:3:    minmay_elf_hall_statues, layout_loops_corners, ebering_ghost_xom

Skill      XL: |  1  2  3  4  5  6  7  8  9 10 11 12 13 14 15 16 17 18 19 20 |
---------------+-------------------------------------------------------------+-----
Long Blades    | 4 5 6 7 8 10 12 13 14 | 14.0
Dodging        | 4 5 6 8 11 12 14 16 17 | 17.2
Fighting       | 3 4 5 7 10 12 13 16 17 18 19 | 19.2
Stealth        | 1 |  1.5
Shields        | 2 3 4 5 7 11 13 14 15 | 15.0
Necromancy     | 3 5 9 10 13 14 15 16 | 16.9
Armour         | 2 3 |  3.0
Spellcasting   | 2 3 4 7 10 | 10.0
Air Magic      | 3 |  3.0
Poison Magic   | 2 |  2.0
Throwing       | 5 6 |  6.0

Action                   |  1- 3 |  4- 6 |  7- 9 | 10-12 | 13-15 | 16-18 | 19-21 || total
-------------------------+-------+-------+-------+-------+-------+-------+-------++-------
Melee: Long sword        |    60 |   124 |   316 |   688 |   233 |       |       ||  1421
       Kick              |    13 |    34 |   106 |   258 |   459 |   565 |   282 ||  1717
       Peck              |     6 |    24 |    63 |   155 |   273 |   342 |   171 ||  1034
       Scimitar          |       |       |       |       |   882 |  1251 |   721 ||  2854
Throw: Javelin           |       |    10 |       |    26 |     9 |    18 |     2 ||    65
       Dart              |       |     5 |     3 |    14 |    12 |       |     1 ||    35
       Throwing net      |       |     5 |     4 |       |       |       |       ||     9
 Cast: Necrotise         |       |       |    10 |    14 |       |       |       ||    24
       Animate Dead      |       |       |       |    25 |    28 |       |       ||    53
       Vampiric Draining |       |       |       |     6 |       |       |       ||     6
       Death Channel     |       |       |       |       |    10 |    43 |    11 ||    64
       Anguish           |       |       |       |       |     1 |       |       ||     1
       Agony             |       |       |       |       |       |     1 |     2 ||     3
Invok: Unearth Wretches  |       |       |       |       |     1 |       |     5 ||     6
       Brand Weapon With |       |       |       |       |     1 |       |       ||     1
Evoke: Wand              |       |       |       |    14 |    13 |     4 |     8 ||    39
       Phial of floods   |       |       |       |       |     1 |       |       ||     1
  Use: Scroll            |     5 |     3 |    10 |    10 |    13 |     2 |     6 ||    49
       Potion            |       |       |     2 |     3 |    13 |    14 |     4 ||    36
 Stab: Sleeping          |     5 |     7 |     5 |    14 |       |     6 |     3 ||    40
       Held in net/web   |       |       |     2 |       |       |       |       ||     2
       Distracted        |       |       |       |     4 |     6 |    14 |     2 ||    26
       Invisible         |       |       |       |     3 |     3 |       |       ||     6
       Petrified         |       |       |       |       |     3 |       |       ||     3
       Paralysed         |       |       |       |       |     1 |       |    10 ||    11
       Petrifying        |       |       |       |       |     1 |       |       ||     1
Armor: Leather armour    |    17 |       |       |       |    44 |   131 |    70 ||   262
       Ring mail         |       |    28 |   128 |    36 |       |       |       ||   192
       Steam dragon scal |       |       |       |    52 |   100 |       |       ||   152
Dodge: Dodged            |    32 |    80 |   302 |   563 |  1063 |   778 |   354 ||  3172
Block: Buckler           |       |       |    99 |   172 |   296 |       |       ||   567
       Kite shield       |       |       |       |       |   115 |  1207 |   546 ||  1868
       Reflection        |       |       |       |       |    10 |    19 |    52 ||    81

Table legend: (Time is in decaauts)
 A = Elapsed time spent in this place.
 B = Non-inter-level travel time spent in this place.
 C = Inter-level travel time spent in this place.
 D = Time resting spent in this place.
 E = Time spent auto-exploring this place.
 F = Levels seen in this place.
 G = Mean time per level.
                   A        B        C        D        E       F      G
               +--------+--------+--------+--------+--------+-----+--------+
         Total |  44756 |  40857 |   3899 |   6248 |  24439 |  39 | 1147.6 |
       Dungeon |  15638 |  13892 |   1746 |   1448 |   8908 |  15 | 1042.5 |
        Temple |    366 |    283 |     83 |      0 |    278 |   1 |  366.0 |
          Lair |   9530 |   8483 |   1047 |   1697 |   4853 |   5 | 1906.0 |
         Swamp |   4631 |   4357 |    274 |    958 |   2490 |   4 | 1157.8 |
   Spider Nest |   5307 |   4975 |    332 |    734 |   3039 |   4 | 1326.8 |
  Orcish Mines |   2242 |   1956 |    286 |    265 |   1171 |   2 | 1121.0 |
   Elven Halls |   4291 |   4163 |    128 |    408 |   2670 |   3 | 1430.3 |
        Bazaar |    204 |    204 |      0 |      0 |     78 |   1 |  204.0 |
        Bailey |    574 |    574 |      0 |    171 |    205 |   1 |  574.0 |
      Ice Cave |   1271 |   1271 |      0 |    371 |    566 |   1 | 1271.0 |
    Desolation |     86 |     86 |      0 |      0 |      0 |   1 |   86.0 |
      Gauntlet |    611 |    611 |      0 |    190 |    177 |   1 |  611.0 |
               +--------+--------+--------+--------+--------+-----+--------+

Top non-repeatable levels by time:
  Lair:2: 2699 daAuts
Spider:3: 2243 daAuts
  Lair:5: 1895 daAuts
  Lair:3: 1860 daAuts
    D:14: 1653 daAuts
   Elf:1: 1642 daAuts
   Elf:2: 1627 daAuts
  Lair:1: 1621 daAuts
 Swamp:4: 1534 daAuts
     D:9: 1487 daAuts
  Lair:4: 1453 daAuts
   Orc:2: 1351 daAuts
Spider:4: 1340 daAuts
    D:10: 1282 daAuts
     D:4: 1276 daAuts
